Map: [EWC] Site Delta

Players

Astrea

  • Race: Protoss Protoss
  • Spawn Location: 11:00

Solar - Winner!

  • Race: Zerg Zerg
  • Spawn Location: 5:00

Event: Esports World Cup 2024

VOD

Have the link to the VOD?

Description

Time

  • Played on: Aug. 17, 2024, 5:03 a.m.
  • Length: 8:41

All games in this series

Show
View Real Time Build Order
Export as new Build Order

Astrea Protoss 

Build Orders: Nexus First, Oracle Opening 

Get SALT Encoding   

  12  0:00  Probe  
  13  0:12  Probe  
  14  0:17  Pylon  
  14  0:24  Probe  
  15  0:36  Probe  
  16  0:48  Probe  
  17  0:56  Nexus  
  17  1:07  Gateway  
  17  1:10  Probe (Chrono Boost)  
  18  1:15  Assimilator  
  18  1:22  Probe (Chrono Boost)  
  18  1:23  Assimilator  
  19  1:27  Probe (Chrono Boost)  
  20  1:36  Probe  
  20  1:39  Gateway  
  21  1:48  Probe  
  22  1:54  Cybernetics Core  
  23  2:02  Probe (Chrono Boost)  
  23  2:04  Pylon  
  23  2:09  Probe (Chrono Boost)  
  25  2:18  Probe x2 (Chrono Boost)  
  26  2:23  Probe (Chrono Boost)  
  26  2:24  Probe  
  26  2:27  Adept x2 (Chrono Boost)  
  28  2:31  Warp Gate  
  28  2:35  Probe  
  28  2:36  Probe  
  34  2:44  Stargate  
  34  2:49  Probe  
  34  2:50  Probe  
  36  2:54  Stalker  
  38  3:01  Probe  
  38  3:02  Probe  
  38  3:03  Pylon  
  40  3:13  Probe  
  40  3:14  Probe  
  42  3:25  Oracle (Chrono Boost), Probe  
  45  3:35  Probe  
  45  3:39  Nexus  
  45  3:41  Pylon, Probe  
  47  3:54  Probe  
  47  3:58  Probe  
  47  4:02  Oracle (Chrono Boost)  
  48  4:07  Probe (Chrono Boost)  
  51  4:12  Assimilator  
  51  4:14  Assimilator, Probe (Chrono Boost)  
  52  4:19  Probe (Chrono Boost)  
  54  4:25  Probe (Chrono Boost)  
  54  4:29  Probe (Chrono Boost)  
  54  4:30  Forge, Phoenix, Pylon  
  55  4:32  Twilight Council  
  55  4:34  Probe (Chrono Boost)  
  55  4:36  Probe  
  59  4:44  Probe  
  60  4:46  Adept  
  60  4:48  Probe  
  60  4:50  Adept  
  60  4:52  Probe  
  66  4:58  Probe  
  65  5:01  Probe (Chrono Boost)  
  65  5:04  Probe (Chrono Boost)  
  65  5:05  Protoss Ground Weapons Level 1  
  67  5:08  Charge  
  69  5:15  Probe (Chrono Boost)  
  69  5:16  Probe (Chrono Boost)  
  69  5:17  Gateway x2  
  69  5:18  Probe (Chrono Boost)  
  70  5:22  Probe (Chrono Boost)  
  70  5:23  Probe (Chrono Boost)  
  70  5:26  Templar Archives, Probe (Chrono Boost)  
  73  5:29  Assimilator  
  73  5:30  Probe (Chrono Boost)  
  73  5:33  Assimilator  
  73  5:34  Probe (Chrono Boost)  
  75  5:37  Zealot x2  
  75  5:41  Probe (Chrono Boost)  
  75  5:42  Probe (Chrono Boost)  
  81  5:43  Probe (Chrono Boost)  
  81  5:46  Probe (Chrono Boost)  
  81  5:48  Probe  
  81  5:49  Probe  
  81  5:54  Robotics Facility  
  83  6:01  Gateway  
  83  6:03  Gateway  
  84  6:06  Gateway  
  84  6:08  Shield Battery, Adept, Gateway  
  84  6:13  Shield Battery  
  84  6:14  Pylon  
  84  6:16  Photon Cannon  
  84  6:23  Shield Battery  
  83  6:27  Stalker x2  
  83  6:31  Shield Battery  
  83  6:32  Stalker x2  
  83  6:42  Immortal  
  82  6:51  Zealot x2  
  77  6:58  Zealot x4  
  83  7:04  Zealot x2  
  81  7:18  Pylon  
  81  7:20  Pylon  
  81  7:21  Zealot x3  
  81  7:22  Immortal (Chrono Boost)  
  73  7:31  Pylon  
  73  7:38  Pylon x2, Probe x2  
  73  7:40  Sentry  
  77  7:50  Pylon  
  77  7:52  Pylon  
  77  7:57  Immortal (Chrono Boost)  
  77  8:02  High Templar x2  
  85  8:14  Archon  
  85  8:15  High Templar x2  
  85  8:19  Archon  
  89  8:21  Pylon  
  89  8:24  Observer (Chrono Boost)  
  90  8:30  Pylon  
  90  8:32  Pylon  
  84  8:35  Zealot x2  
Show
View Real Time Build Order
Export as new Build Order

Solar Zerg - Winner!

Build Orders: Hatch First 

Get SALT Encoding   

  12  0:00  Drone  
  13  0:12  Overlord  
  13  0:16  Drone  
  14  0:30  Drone  
  14  0:31  Drone  
  16  0:48  Hatchery  
  15  0:51  Drone  
  15  0:55  Drone  
  17  0:58  Drone  
  18  1:09  Extractor  
  17  1:13  Spawning Pool  
  17  1:15  Drone  
  17  1:19  Drone  
  18  1:29  Drone  
  19  1:40  Drone  
  20  1:50  Overlord  
  20  2:00  Queen x2  
  24  2:01  Zergling x4  
  26  2:10  Drone  
  26  2:11  Drone  
  26  2:13  Metabolic Boost  
  28  2:22  Drone x2  
  30  2:34  Hatchery  
  30  2:36  Drone  
  30  2:42  Queen  
  32  2:47  Overlord  
  32  2:51  Drone x2  
  32  2:54  Drone  
  32  2:55  Zergling x2  
  36  3:05  Queen  
  36  3:06  Zergling x2  
  36  3:09  Drone x2  
  41  3:14  Overlord  
  41  3:16  Drone x2  
  43  3:28  Overlord  
  43  3:32  Queen  
  43  3:33  Drone x2  
  47  3:35  Spore Crawler  
  46  3:41  Drone x3  
  46  3:43  Queen  
  46  3:45  Zergling x2  
  46  3:47  Zergling x2  
  52  3:51  Zergling x4  
  52  3:55  Queen  
  56  4:00  Overlord  
  56  4:01  Drone x2  
  56  4:03  Drone  
  56  4:05  Drone  
  56  4:08  Drone x2  
  59  4:11  Drone  
  59  4:15  Drone x3  
  63  4:23  Spore Crawler, Zergling x2  
  63  4:25  Zergling x8  
  63  4:27  Zergling x2  
  68  4:32  Overlord  
  68  4:33  Drone  
  68  4:36  Drone  
  68  4:37  Lair  
  69  4:39  Extractor  
  69  4:40  Drone  
  69  4:44  Roach Warren  
  68  4:46  Drone  
  68  4:49  Drone x2  
  68  4:51  Drone  
  72  4:54  Drone x2  
  72  4:55  Drone, Extractor  
  72  4:56  Extractor  
  72  4:57  Overlord  
  72  5:02  Drone x3  
  72  5:03  Drone  
  72  5:04  Drone  
  77  5:09  Overlord  
  77  5:11  Overlord  
  77  5:13  Pneumatized Carapace  
  77  5:16  Overlord  
  76  5:25  Hatchery  
  76  5:28  Roach x2  
  79  5:29  Roach  
  79  5:30  Roach  
  79  5:32  Roach  
  79  5:34  Roach  
  87  5:37  Roach  
  87  5:39  Roach x2  
  93  5:42  Roach  
  93  5:43  Roach  
  93  5:49  Zergling x8  
  96  5:56  Overlord  
  96  5:58  Ravager x2  
  96  6:01  Zergling x14  
  105  6:10  Ravager, Extractor  
  105  6:12  Zergling x2  
  105  6:13  Overlord  
  105  6:16  Zergling x16  
  114  6:20  Overlord  
  113  6:28  Zergling x4  
  113  6:32  Ravager  
  113  6:33  Zergling x6  
  113  6:37  Zergling x6  
  116  6:43  Zergling x12  
  117  6:48  Ravager  
  117  6:52  Zergling x6  
  118  6:59  Drone  
  114  7:02  Zergling x2  
  114  7:03  Zergling x2  
  111  7:09  Roach  
  108  7:16  Drone x5, Glial Reconstitution  
  108  7:18  Drone  
  108  7:19  Drone x2, Queen  
  108  7:21  Roach x7  
  128  7:23  Drone  
  128  7:28  Evolution Chamber  
  123  7:36  Drone, Overlord x2  
  124  7:37  Drone  
  124  7:38  Drone, Extractor  
  124  7:39  Extractor  
  124  7:42  Drone  
  125  7:44  Drone  
  125  7:45  Zergling x8  
  125  7:50  Overlord  
  130  7:51  Zergling x2  
  130  7:52  Zergling x10  
  130  7:53  Drone  
  130  7:57  Drone  
  134  8:00  Drone, Spore Crawler  
  134  8:02  Drone  
  134  8:04  Overlord  
  135  8:11  Drone x3  
  135  8:12  Roach x2  
  139  8:15  Roach  
  141  8:21  Roach x5  
  141  8:23  Ravager x2  
Tags
 
Add a new tag
Caveats
  • Supply blocks, unpowered buildings, or Contaminate may cause inaccurate times.
  • Supply counts are checked every 10 seconds.